 Dungeon Crawl Stone Soup version 0.28.0-45-g0d030f2227 (webtiles) character file.

Game seed: 11351183062067069218

6105 Pemander the Martial Artist (level 11, -33/78 HPs)
             Began as a Djinni Transmuter on Apr 7, 2022.
             Was a Follower of Uskayaw.
             Annihilated by a boulder beetle (45 damage)
             ... on level 8 of the Dungeon.
             The game lasted 00:15:51 (13733 turns).

Pemander the Martial Artist (Djinni Transmuter)    Turns: 13733, Time: 00:15:51

Health: -33/78     AC:  2    Str: 13    XL:     11   Next: 12%
Gold:   272        EV: 26    Int: 15    God:    Uskayaw [*.....] SH:  0 Dex: 19

rFire   . . .      SeeInvis +     - Unarmed
rCold   . . .      Faith    .   (shield currently unavailable)
rNeg    . . .      Spirit   .   (armour currently unavailable)
rPois   ∞          Reflect  .   (helmet currently unavailable)
rElec   .          Harm     .   (cloak currently unavailable)
rCorr   .          Rampage  .   (gloves currently unavailable)
Will    +....                   (boots unavailable)
Stlth   ++........              (no amulet)
HPRegen 0.23/turn               j - ring of see invisible
MPRegen 0.00/turn               (no ring)

@: spider-form (expiring), flying, hasted, very quick
A: venomous fangs, flying, sickness immunity, tiny, (fire resistance 2), (cold
vulnerability 1), float, innate caster, HP casting, extra vitality 1
a: End Transformation, Renounce Religion, Stomp


You were on level 8 of the Dungeon.
You worshipped Uskayaw.
Uskayaw was noncommittal.
You were a venomous arachnid creature.
You visited 2 branches of the dungeon, and saw 9 of its levels.

You collected 322 gold pieces.
You spent 50 gold pieces at shops.

Inventory:

Missiles
 p - 132 stones
Armour
 r - a +2 robe of willpower (melded)
 s - a +0 helmet (melded)
Jewellery
 j - a ring of see invisible (left front leg)
Wands
 o - a wand of iceblast (2)
 t - a wand of flame (37)
 v - a wand of acid (13)
Scrolls
 a - 2 scrolls of noise {unknown}
 c - 2 scrolls of teleportation {unknown}
 e - 2 scrolls of fog {unknown}
 h - 2 scrolls of enchant armour {unknown}
 n - 2 scrolls of fear {unknown}
 q - a scroll of identify
 u - a scroll of immolation {unknown}
Potions
 b - 2 potions of lignification {unknown}
 d - a potion of brilliance {unknown}
 f - 2 potions of heal wounds {unknown}
 g - 3 potions of haste
 i - 3 potions of might
 k - a potion of flight {unknown}
 l - 3 potions of mutation {unknown}
 m - a potion of curing
 w - a potion of degeneration {unknown}


   Skills:
 + Level 6.9 Fighting
 - Level 8.0 Dodging
 - Level 11.5 Unarmed Combat
 - Level 5.0 Spellcasting


You couldn't memorise any spells.
You knew the following spells:

 Your Spells              Type           Power      Damage    Failure   Level
a - Beastly Appendage     Tmut           38%        N/A       8%          1
b - Wereblood             Tmut           19%        N/A       11%         2
c - Spider Form           Tmut/Pois      19%        N/A       17%         3
d - Ice Form              Ice/Tmut       19%        N/A       41%         4
e - Sandblast             Erth           38%        2d10      8%          1
f - Ensorcelled Hibernat  Hex/Ice        38%        N/A       11%         2
g - Gell's Gravitas       Tloc           19%        N/A       17%         3
h - Olgreb's Toxic Radia  Pois           19%        N/A       41%         4
i - Lightning Bolt        Conj/Air       9%         1d22      71%         5
Your spell library was empty.

Dungeon Overview and Level Annotations

Branches:
Dungeon (8/15)             Temple (1/1) D:5
   Lair: D:8-11

Altars:
Cheibriados
Dithmenos
Elyvilon
Fedhas
Hepliaklqana
Kikubaaqudgha
Nemelex Xobeh
Okawaru
Qazlal
Trog
Uskayaw
Vehumet
Xom
Yredelemnul
Zin
The Shining One

Shops:
D:2 *


Innate Abilities, Weirdness & Mutations

You are a venomous arachnid creature.
You have poisonous fangs.
You are tiny and dextrous.
You are flying.
Your spellcasting is less reliable in this form.
Your armour is entirely melded.
You are incapable of wielding weapons or throwing items.
You are immune to sickness and miasma.
You are immune to poison.
((Your flesh is very heat resistant. (rF++)))
((You are vulnerable to cold. (rC-)))
You float through the air rather than walking.
You learn spells naturally, not from books.
Your magical power is your life essence.
You have superior vitality. (+4 MHP)


Message History

Your +2 robe of willpower melds into your body.
You feel less strong-willed.
You hear a shout!
A boulder beetle comes into view.
You bite the two-headed ogre!
The two-headed ogre is poisoned.
The two-headed ogre is moderately wounded.
The two-headed ogre completely misses you.
The two-headed ogre misses you.
You bite the two-headed ogre!
The two-headed ogre looks as sick as possible!
The two-headed ogre is severely wounded.
You hear a shout!
You can now pass through a line of other dancers.
You hit the two-headed ogre.
The two-headed ogre looks as sick as possible!
The two-headed ogre is severely wounded.
The two-headed ogre completely misses you.
The two-headed ogre hits you with a +0 giant club!!
A centaur warrior comes into view.
It is wearing the ring "Fuoll" {Will+ Dex+6}.
The boulder beetle curls into a ball and begins rolling!
You can no longer pass through a line of other dancers.
You bite the two-headed ogre!
You kill the two-headed ogre!
The boulder beetle hits you!!!
* * * LOW HITPOINT WARNING * * *
The boulder beetle stops rolling and uncurls.
Your Fighting skill increases to level 6!
The boulder beetle curls into a ball and begins rolling!
The centaur warrior wields a +0 longbow.
The centaur warrior shoots an arrow.
The arrow misses you. The boulder beetle misses you.
The boulder beetle stops rolling and uncurls.
You feel yourself speed up. The boulder beetle bites you!
* * * LOW HITPOINT WARNING * * *
The boulder beetle curls into a ball and begins rolling!
Okay, then.
Your transformation is almost over.
You feel better. The boulder beetle hits you!!!
Ouch! That really hurt!
You die...

.#)#'.B# +#.#.......#.##.##.
##.####.# ##.##.###..#.......
#.[.# #...#..##..#..#.... #...##
###.###.....#..##### ..#..#
#.#c#.#.....#..# ..#..##
##.#°#.##.#..#..# ......#
#..#°#..#....#..# .)...###
###.#B#[###...#..# ##.###.#
#.#.#s#.#.#......# .......#
#.........#.#.##.#####
#####################'...........
.................................
....##############...##...#....##
##### #.............#......
#.#########.#.##.#.#.
#.#.......#..........
#.#.#.#.#####.##.#...


You could see a boulder beetle (rolling) and a centaur warrior.

Vanquished Creatures
  2 two-headed ogres (D:8)
  Grinder (D:4)
  A hornet (D:8)
  Sigmund (D:2)
  3 steam dragons (D:8)
  3 vampire mosquitoes
  Menkaure (D:5)
  2 water moccasins
  An orc warrior (D:6)
  2 ice beasts
  A sky beast (D:6)
  3 black bears
  A necrophage (D:6)
  An ogre (D:5)
  A centaur (D:8)
  2 kobold brigands
  Blork the orc (D:4)
  3 bullfrogs
  2 scorpions
  3 wyvern zombies
  7 killer bees
  7 wights
  A bullfrog zombie (D:4)
  6 hounds
  2 gnoll shamans
  A centaur skeleton (D:6)
  An orc priest (D:6)
  A bullfrog skeleton (D:4)
  Natasha (thrice) (D:3)
  5 iguanas
  8 orc wizards
  2 howler monkey zombies (D:5)
  7 gnolls
  2 howler monkey skeletons (D:7)
  11 adders
  A shadow imp (D:6)
  A white imp (D:8)
  A worm (D:3)
  28 orcs
  7 ball pythons
  7 bats
  7 endoplasms
  A giant cockroach (D:2)
  7 goblins
  5 hobgoblins
  7 jackals
  14 kobolds
  3 quokkas
  4 frilled lizards
  9 rats
201 creatures vanquished.

Vanquished Creatures (others)
  A water moccasin (D:8)
1 creature vanquished.

Grand Total: 202 creatures vanquished

Notes
Turn   | Place    | Note
-------+----------+-------------------------------------------
     0 | D:1      | Pemander the Djinni Transmuter began the quest for the Orb.
     0 | D:1      | Reached XP level 1. HP: 17/17 MP: 0/0
   200 | D:1      | Reached XP level 2. HP: 19/22 MP: 0/0
   770 | D:1      | Reached XP level 3. HP: 22/27 MP: 0/0
   770 | D:1      | Learned a level 1 spell: Sandblast
  1743 | D:2      | Noticed Sigmund
  1770 | D:1      | Reached XP level 4. HP: 18/32 MP: 0/0
  1988 | D:2      | Reached skill level 4 in Unarmed Combat
  2211 | D:2      | Found Ecwun's General Store.
  2309 | D:2      | Killed Sigmund
  2310 | D:2      | Reached skill level 5 in Unarmed Combat
  2310 | D:2      | Reached XP level 5. HP: 32/37 MP: 0/0
  2310 | D:2      | Learned a level 2 spell: Ensorcelled Hibernation
  2310 | D:2      | Reached XP level 6. HP: 36/42 MP: 0/0
  2366 | D:2      | Bought a potion of curing for 30 gold pieces
  2366 | D:2      | Bought a scroll of identify for 20 gold pieces
  3037 | D:3      | Found a faded altar of an unknown god.
  3544 | D:3      | Noticed Natasha
  3550 | D:3      | Killed Natasha
  3969 | D:3      | Noticed Natasha
  3976 | D:3      | Killed Natasha
  4083 | D:4      | Noticed Grinder
  4086 | D:4      | Paralysed by Grinder for 2 turns
  4118 | D:3      | Noticed Natasha
  4125 | D:3      | Killed Natasha
  4152 | D:4      | Reached XP level 7. HP: 45/47 MP: 0/0
  4152 | D:4      | Learned a level 3 spell: Gell's Gravitas
  4427 | D:4      | Reached skill level 6 in Unarmed Combat
  4867 | D:4      | Killed Grinder
  4868 | D:4      | Reached XP level 8. HP: 12/52 MP: 0/0
  5921 | D:4      | Reached skill level 7 in Unarmed Combat
  5921 | D:4      | Reached skill level 5 in Spellcasting
  6059 | D:4      | Found a glowing silver altar of Zin.
  6121 | D:4      | Noticed Blork the orc
  6140 | D:4      | Killed Blork the orc
  6735 | D:5      | Entered Level 5 of the Dungeon
  7046 | D:5      | Found a staircase to the Ecumenical Temple.
  7055 | Temple   | Entered the Ecumenical Temple
  7067 | Temple   | Became a worshipper of Uskayaw the Reveller
  7142 | D:5      | Reached * piety under Uskayaw
  7175 | D:5      | Noticed Menkaure
  7184 | D:5      | Reached ** piety under Uskayaw
  7186 | D:5      | Killed Menkaure
  7199 | D:5      | Reached skill level 8 in Unarmed Combat
  7199 | D:5      | Reached XP level 9. HP: 51/61 MP: 0/0
  7199 | D:5      | Learned a level 4 spell: Olgreb's Toxic Radiance
  7798 | D:5      | Reached *** piety under Uskayaw
  8531 | D:6      | Reached skill level 5 in Fighting
  8848 | D:6      | Reached skill level 9 in Unarmed Combat
  9206 | D:6      | Reached skill level 5 in Dodging
  9862 | D:6      | Reached XP level 10. HP: 64/70 MP: 0/0
 10046 | D:6      | Found an iron altar of Okawaru.
 10046 | D:6      | Found a bloodstained altar of Trog.
 10551 | D:7      | Found a glowing golden altar of the Shining One.
 11235 | D:7      | Reached **** piety under Uskayaw
 11895 | D:8      | Noticed a two-headed ogre
 11911 | D:8      | Killed a two-headed ogre
 11912 | D:8      | Reached skill level 10 in Unarmed Combat
 12168 | D:8      | Reached skill level 11 in Unarmed Combat
 13343 | D:8      | Found a basalt altar of Yredelemnul.
 13497 | D:8      | Found a blossoming altar of Fedhas.
 13571 | D:8      | Reached XP level 11. HP: 74/76 MP: 0/0
 13571 | D:8      | Learned a level 5 spell: Lightning Bolt
 13701 | D:8      | Noticed a two-headed ogre
 13703 | D:8      | Noticed a boulder beetle
 13706 | D:8      | Identified the ring "Fuoll" {Will+ Dex+6}
 13706 | D:8      | Noticed a centaur warrior
 13716 | D:8      | Killed a two-headed ogre
 13733 | D:8      | Annihilated by a boulder beetle

Illustrated notes

Levels and vault maps discovered:
D:1:      wheals_arrival_shading, layout_basic
D:2:      layout_loops_cross, serial_shops, shop, uniq_sigmund
D:3:      layout_basic, hellmonk_ecumenical_altar_lost_god, uniq_natasha
D:4:      layout_basic, mainiacjoe_overflow_catwalk, st_stairs_9,
          grunt_ministairs_6, uniq_blork_the_orc, uniq_grinder
D:5:      minmay_inner_zag, layout_cave_pods, lemuel_temple_firewalk_b,
          minmay_misc_feat_diagonals, uniq_menkaure
D:6:      layout_layer_cave, grunt_temple_overflow_bloody_war,
          minmay_manual_maat
D:7:      layout_loops_ring, mainiacjoe_overflow_chevrons
D:8:      minmay_the_grid_triangle_9x9_recursive_2
          [minmay_the_grid_triangle_9x9_prize_special,
          minmay_the_grid_triangle_9x9_dagger,
          minmay_the_grid_triangle_9x9_from_above,
          minmay_the_grid_triangle_9x9_shrine], layout_basic,
          grunt_temple_overflow_growth_and_decay, yredelemnul_altar_generic,
          nicolae_grassy_gnolls, uniq_harold
Temple:   cyrus_circular_temple

Skill      XL: |  1  2  3  4  5  6  7  8  9 10 11 |
---------------+----------------------------------+-----
Spellcasting   | 2 3 4 5 |  5.0
Unarmed Combat | 5 6 8 9 11 | 11.5
Fighting       | 3 5 6 |  6.9
Dodging        | 6 8 |  8.0

Action                   |  1- 3 |  4- 6 |  7- 9 | 10-12 || total
-------------------------+-------+-------+-------+-------++-------
Melee: Unarmed           |   115 |    97 |   241 |   163 ||   616
       Headbutt          |    14 |     4 |     1 |     1 ||    20
       Punch             |     3 |       |       |     1 ||     4
 Cast: Beastly Appendage |    26 |    20 |     2 |     1 ||    49
       Spider Form       |       |     6 |    41 |    24 ||    71
       Wereblood         |       |     1 |     2 |       ||     3
       Sandblast         |       |       |    10 |     1 ||    11
  Use: Scroll            |       |     2 |       |       ||     2
       Potion            |       |       |       |     2 ||     2
 Stab: Sleeping          |       |     1 |     1 |       ||     2
       Paralysed         |       |       |     2 |     4 ||     6
       Distracted        |       |       |     2 |       ||     2
Armor: Robe              |    29 |    17 |     2 |     2 ||    50
       Skin              |       |       |    14 |     2 ||    16
Dodge: Dodged            |    78 |    66 |   200 |   138 ||   482
